← All builds
Geo sea / Legion / Economy first / OBSERVED BUILD

Standard geo sea

Baseline cove-side sea play: bot lab then shipyard in the cove around 3:06, first Syracusia by 5:04, geothermal on time around 7:42 and an Advanced Metal Extractor to build up eco, transitioning into more Syracusia and Argonaut over the…

Usually shipyard in the cove (95%) · geo on time (86%)

#naval #eco · 21 distinct matches · 10 players · 44% of Legion Geo sea games · team won 43% of 21 · Recently observed

HOW TO PLAY IT

Key timing: First Syracusia by 5:18

  1. Take 3 mex and open into wind while starting the bot lab.
  2. Rush the bot lab finish for early defense on the coast.
  3. Get the shipyard up to start frigate production.
  4. Push the first Syracusia frigate out for sea control.
  5. Layer geothermal and advanced mex, then keep feeding the Syracusia navy.

Phase by phase

TYPICAL OF ITS 21 GAMES · AGAINST STANDARD GEO SEA
  1. 1
  2. 2
  3. 3
  4. 4
PLAY THE OPENING

Follow the example game's first 6:00 step by step: what to build now, what comes next, and where it goes. At 1× it keeps pace with your own game.

  1. 1

    Up to the Legion Bot Lab

    Economy
    • Metal Extractor3Mex
    Order
    1. Legion Bot LabLegion Bot Lab after 3 mexdone ~1:07, middle half 0:57–1:16

    Some games also: solar (48%) · wind (48%)

    The standard build makes here, this one skips: 3 wind

    By 0:50 in all: 3 mex

    The example game in this phase · 3 steps
    1. Mex ×3
    2. Solar
    3. Legion Bot LabLegion Bot Labdone 0:56 · typical 1:07
  2. 2

    Legion Bot Lab to Shipyard

    Economy
    • Metal Extractor1Mex
    Order
    1. ShipyardShipyard after 4 mex, 3 wind, 1 solardone ~2:54, middle half 2:34–3:33
    Builders
    • Zagreus3 Zagreus
    • Legion Construction Bot3 Legion Construction Bot

    Some games also: wind (48%) · con turret (38%)

    The standard build makes here, this one skips: 3 wind

    By 2:33 in all: 4 mex · 3 wind (standard 5) · 1 solar

    The example game in this phase · 8 steps
    1. ZagreusZagreus
    2. Solar
    3. Legion Construction BotLegion Construction Bot ×2
    4. ZagreusZagreus
    5. Legion Construction BotLegion Construction Bot
    6. ZagreusZagreus
    7. Legion Construction BotLegion Construction Bot
    8. ShipyardShipyarddone 2:37 · typical 2:54
  3. 3

    Shipyard to 5:00

    Economy
    • Metal Extractor5Mex
    • Wind Turbine2Wind
    Builders
    • Construction Ship1 Con ship
    Army
    • Pharos1 Pharos
    • Argonaut2 Argonaut
    • Syracusia1 Syracusia

    Some games also: con turret (48%) · converter (43%) · Legion Drone (38%) · Radar Tower (38%) · Hippocampus (38%)

    The standard build makes here, this one skips: 2 converter · 2 Radar Tower

    By 5:00 in all: 8 mex · 4 wind (standard 8) · 1 solar · 1 energy storage · 1 con turret

    The example game in this phase · 21 steps
    1. Construction ShipCon ship
    2. Mex
    3. HippocampusHippocampus
    4. ArgonautArgonaut
    5. Mex
    6. ArgonautArgonaut
    7. PharosPharos
    8. Con turret
    9. Mex ×2
    10. IapetusIapetus
    11. Mex
    12. ArgonautArgonaut
    13. PharosPharos
    14. Converter
    15. Radar TowerRadar Tower
    16. PharosPharos
    17. ArgonautArgonaut
    18. Mex
    19. Wind
    20. SyracusiaSyracusiadone 6:04 · typical 5:07
    21. Wind
  4. 4

    5:00 to 10:00

    Economy
    • Metal Extractor1Mex−2 vs standard
    • Wind Turbine14Wind
    • Energy Converter3Converter+3 vs standard
    • Energy Storage1Energy storage
    Order
    1. Geothermal PowerplantGeo after 9 mex, 8 wind, 3 converter
    Builders
    • Construction Turret2 Con turret
    • Dionysus1 Dionysus
    Army
    • Pharos1 Pharos −2 vs standard
    • Legion Drone10 Legion Drone

    Some games also: con ship (43%)

    The standard build makes here, this one skips: 2 Bramble

    By 10:00 in all: 9 mex · 18 wind · 1 solar · 1 geo · 5 converter · 1 energy storage

    The example game in this phase · 81 steps
    1. Energy storage
    2. Wind
    3. Naval Radar / Sonar TowerNaval Radar / Sonar Tower
    4. Converter ×3
    5. Wind
    6. Converter ×2
    7. Wind
    8. Converter
    9. Legion DroneLegion Drone
    10. SyracusiaSyracusia
    11. Wind
    12. Geothermal PowerplantGeodone 6:54 · typical 7:33
    13. Legion DroneLegion Drone
    14. Wind
    15. Converter
    16. Overcharged Metal Extractor
    17. Converter
    18. Legion DroneLegion Drone
    19. IapetusIapetus
    20. Wind
    21. Converter
    22. Overcharged Metal Extractor
    23. Legion DroneLegion Drone
    24. Converter
    25. Wind
    26. DionysusDionysus
    27. Converter
    28. Wind
    29. Converter
    30. Overcharged Metal Extractor
    31. DionysusDionysus
    32. Overcharged Metal Extractor
    33. Wind ×2
    34. Con turret ×2
    35. SyracusiaSyracusia
    36. Legion DroneLegion Drone
    37. Overcharged Metal Extractor
    38. Wind
    39. Overcharged Metal Extractor
    40. Legion DroneLegion Drone
    41. SyracusiaSyracusia
    42. Wind ×2
    43. Legion DroneLegion Drone
    44. Overcharged Metal Extractor
    45. Wind
    46. Legion DroneLegion Drone
    47. SyracusiaSyracusia
    48. Legion DroneLegion Drone
    49. Wind
    50. Overcharged Metal Extractor
    51. Legion DroneLegion Drone ×2
    52. SyracusiaSyracusia
    53. Wind
    54. Overcharged Metal Extractor
    55. Wind
    56. Advanced solar
    57. Legion DroneLegion Drone ×2
    58. SyracusiaSyracusia
    59. Wind ×2
    60. IapetusIapetus
    61. Wind ×2
    62. IapetusIapetus
    63. Advanced solar
    64. Wind
    65. Legion DroneLegion Drone
    66. Wind
    67. IapetusIapetus
    68. Wind ×2
    69. SyracusiaSyracusia
    70. Advanced solar
    71. Con turret
    72. Legion DroneLegion Drone
    73. Naval Radar / Sonar TowerNaval Radar / Sonar Tower
    74. Con turret ×2
    75. Legion DroneLegion Drone
    76. SyracusiaSyracusia
    77. Wind
    78. Legion DroneLegion Drone
    79. SyracusiaSyracusia
    80. Energy storage
    81. Legion DroneLegion Drone

Counts are medians over the build's games: half of them build more, half fewer. The example game is KingBenjai's (40 OS, 16/08/2026); pick another.

Team trades

IN AT LEAST 30% OF ITS GAMES

You hand over

  • Wind Turbine2 Wind to Airfirst at 1:41 · in 57% of games

You get

  • Finch1 Finch from Airfirst at 1:49 · in 52% of games
  • Hercules1 Light transport from Airfirst at 2:03 · in 33% of games
  • Advanced Construction Bot1 T2 con bot from Techfirst at 7:28 · in 71% of games

How it plays out

Typical game of this build, running totals by minute

Metal produced

010k20k30k
0:005:0010:0015:00

metal

Enemy metal destroyed

05k10k
0:005:0010:0015:00

metal

Own metal lost

02k4k
0:005:0010:0015:00

metal

21 games.

Show as table
ByMetal produced: This buildEnemy metal destroyed: This buildOwn metal lost: This build
1:0039500
2:0092700
3:00162700
4:0028655151
5:00401419052
6:005343540102
7:006793620170
8:0084071441320
9:00102921704417
10:001223924351056
11:001491332351780
12:001794336352261
13:002024852952375
14:002356863333776
15:002741389533776
WHAT THE NUMBERS SAY

Standard geo sea sits near an even split on wins while destroying more metal than it loses by 15:00, typical for a contested sea role.

  • + Enemy metal destroyed reaches 7775 by 15:00 against 4863 lost.
  • + Syracusia dominates army composition at 43%, showing a clear naval focus.
  • − Team win rate is only 47%, essentially a coin flip.
  • − T2 factory only completes in 32% of games, so tech transition often stalls.
THE EXAMPLE YOU ARE READING

KingBenjai

39.9 OS · 16/08/2026

Open source match ↗

3 received units · includes a constructor
66 metal received · 74443 energy received

Allied construction assistance is unknown. Timings are observations, not a promise of solo reproducibility.

Typical milestones

Legion Bot Lab1:07Middle 50%: 0:57–1:16 · n=21
Shipyard2:54Middle 50%: 2:34–3:33 · n=21
Syracusia5:07Middle 50%: 4:38–5:43 · n=21
Geothermal Powerplant7:33Middle 50%: 6:54–9:48 · n=21
Advanced Metal Extractor9:04Middle 50%: 8:36–9:27 · n=14

Played most by

KingBenjai9games of this buildHighlyRegarded2games of this buildPRO_Rerory2games of this buildRysica2games of this buildarmjanus1game of this build